 Dungeon Crawl Stone Soup version 0.23.0 (webtiles) character file.

Game seed: 4670865552636804892

13 tidbits the Charmwright (level 2, -2/26 HPs)
             Began as a Gnoll Skald on Feb 11, 2019.
             Slain by Eustachio
             ... wielding a +0 rapier
              (7 damage)
             ... on level 5 of the Dungeon.
             The game lasted 00:01:06 (120 turns).

tidbits the Charmwright (Gnoll Skald)                Turns: 120, Time: 00:01:07

Health: -2/26      AC:  3    Str: 13    XL:     2   Next: 37%
Magic:  0/7        EV: 19    Int: 15    God:
Gold:   10         SH:  0    Dex: 19    Spells: 5/10 levels left

rFire    . . .     SeeInvis .   a - +0 spear
rCold    . . .     Gourm    .   (no shield)
rNeg     . . .     Faith    .   b - +0 leather armour
rPois    .         Spirit   .   (no helmet)
rElec    .         Reflect  .   (no cloak)
rCorr    .         Harm     .   (no gloves)
MR       .....                  (no boots)
Stlth    +++.......             (no amulet)
HPRegen  0.08/turn              (no ring)
MPRegen  0.10/turn              (no ring)

@: agile, infused
A: distributed training, fangs 1, strong nose
a: no special abilities


You were on level 5 of the Dungeon.
You were not hungry.

You visited 1 branch of the dungeon, and saw 5 of its levels.

You collected 10 gold pieces.

Inventory:

Hand Weapons
 a - a +0 spear (weapon)
Missiles
 c - 24 stones (quivered)
Armour
 b - a +0 leather armour (worn)
Scrolls
 e - a scroll of noise {unknown}
Comestibles
 d - a ration


   Skills:
 + Level 4.4 Fighting
 + Level 0.3 Short Blades
 + Level 0.3 Long Blades
 + Level 0.3 Axes
 + Level 0.3 Maces & Flails
 + Level 4.4 Polearms
 + Level 0.3 Staves
 + Level 0.3 Slings
 + Level 0.3 Bows
 + Level 0.3 Crossbows
 + Level 0.3 Throwing
 + Level 2.4 Armour
 + Level 4.4 Dodging
 + Level 0.3 Stealth
 + Level 0.3 Shields
 + Level 0.3 Unarmed Combat
 + Level 4.9 Spellcasting
 + Level 0.2 Conjurations
 + Level 0.2 Hexes
 + Level 5.3 Charms
 + Level 0.2 Summonings
 + Level 0.2 Necromancy
 + Level 0.2 Translocations
 + Level 0.2 Transmutations
 + Level 0.2 Fire Magic
 + Level 0.2 Ice Magic
 + Level 0.2 Air Magic
 + Level 0.2 Earth Magic
 + Level 0.2 Poison Magic
 + Level 0.4 Invocations
 + Level 0.3 Evocations


You had 5 spell levels left.
You knew the following spells:

 Your Spells              Type           Power        Failure   Level  Hunger
g - Shroud of Golubria    Chrm/Tloc      ##........   10%         2    ##.....
i - Infusion              Chrm           ###.         2%          1    None
y - Song of Slaying       Chrm           ###.....     3%          2    ##.....

Your spell library contained the following spells:

 Spells                   Type           Power        Failure   Level  Hunger
 Regeneration             Chrm/Necr      ##........   21%         3    ###....
 Spectral Weapon          Hex/Chrm       ##......     21%         3    ###....


Dungeon Overview and Level Annotations

Branches:
Dungeon (5/15)
 Temple: D:4-7

Altars:

Annotations:
D:5 Eustachio


Innate Abilities, Weirdness & Mutations

Your experience applies equally to all skills.
You have very sharp teeth.
Your uncanny sense of smell can sniff out nearby items.


Message History

You finish memorising.
Spell assigned to 'g'.
There is a stone staircase leading down here.
Your magical infusion is running out.
There is a stone staircase leading down here.
You climb downwards.
Found a stone staircase leading down.
There is a stone staircase leading up here.
Found 6 gold pieces.
You are no longer magically infusing your attacks.
There is a stone staircase leading down here.
Unknown command.
You climb downwards.
You hear the hiss of flowing sand.
There is an entrance to an ossuary on this level.
Hurry and find it before the portal is buried!
You hear the sound of rushing water.
There is an entrance to a sewer on this level.
Hurry and find it before the portal rusts away!
Eustachio the Magnificent comes into view.
He is wielding a +0 rapier.
Eustachio shouts!
Found 20 stones.
There is a stone staircase leading up here.
Unknown command.
Unknown command.
Casting: Infusion (safe; 2% risk of failure)
Confirm with . or Enter, or press ? or * to list all spells.
You begin infusing your attacks with magical energy.
Eustachio casts a spell.
Eustachio blinks!
Unknown command.
Attack whom?
Press: ? - help, Dir - move target cursor, f - Eustachio
Aim: Eustachio, wielding a +0 rapier and wearing a +0 leather armour You reach to attack!
You closely miss Eustachio.
Attack whom?
Press: ? - help, Dir - move target cursor, f/p - Eustachio
Aim: Eustachio, wielding a +0 rapier and wearing a +0 leather armour You reach to attack!
You completely miss Eustachio. You barely miss Eustachio.
Your bite misses Eustachio.
Eustachio mumbles some strange words.
Unknown command.
You hit Eustachio.
Eustachio is lightly wounded.
Eustachio misses you.
It was a potion of agility.
You feel agile all of a sudden. The quokka misses you. Eustachio misses you.
The quokka misses you.
You miss Eustachio.
Eustachio is lightly wounded.
The quokka closely misses you. Eustachio hits you with a +0 rapier!
You hit Eustachio! You bite Eustachio, but do no damage.
Eustachio is moderately wounded.
The rat barely misses you. The quokka misses you.
You hit Eustachio.
Eustachio is heavily wounded.
Eustachio completely misses you. The rat misses you.
The quokka barely misses you.
You barely miss Eustachio.
Eustachio is heavily wounded.
Eustachio barely misses you. The quokka closely misses you.
The rat completely misses you.
You barely miss Eustachio.
Eustachio is heavily wounded.
The quokka misses you.
Eustachio mumbles some strange words.
The rat misses you.
Unknown command.
You miss Eustachio. You bite Eustachio, but do no damage.
Eustachio is heavily wounded.
The quokka barely misses you. Eustachio hits you with a +0 rapier.
The rat completely misses you.
You closely miss Eustachio. Your bite misses Eustachio.
Eustachio is heavily wounded.
The quokka disappears in a puff of smoke!
The bat misses you. The bat hits you. The rat completely misses you.
You closely miss Eustachio. Your bite misses Eustachio.
Eustachio is heavily wounded.
The bat misses you. Eustachio completely misses you.
You completely miss Eustachio.
Eustachio is heavily wounded.
The rat bites you but does no damage. Eustachio hits you with a +0 rapier.
* * * LOW HITPOINT WARNING * * *
The quokka barely misses you.
You closely miss Eustachio. You bite Eustachio, but do no damage.
Eustachio is heavily wounded.
The rat bites you.
* * * LOW HITPOINT WARNING * * *
Eustachio completely misses you. The quokka closely misses you.
You hit Eustachio.
Eustachio is severely wounded.
The rat closely misses you. The quokka completely misses you.
Eustachio hits you with a +0 rapier.
* * * LOW HITPOINT WARNING * * *
You hit Eustachio.
Eustachio is severely wounded.
The quokka bites you.
* * * LOW HITPOINT WARNING * * *
The rat barely misses you.
You hit Eustachio.
Eustachio is severely wounded.
Eustachio hits you with a +0 rapier!
You die...

..## ....
...##
....#
.....(
#......
##r......
#@rr.....
∆
##@b.....
#.....#
#...##
#+##


You could see Eustachio, a quokka, a bat and 2 rats.

Vanquished Creatures
  An adder (D:3)
  2 jackals (D:2)
  A bat (D:3)
4 creatures vanquished.

Notes
Turn   | Place    | Note
-------+----------+-------------------------------------------
     0 | D:1      | tidbits the Gnoll Skald began the quest for the Orb.
     0 | D:1      | Reached XP level 1. HP: 20/20 MP: 6/6
    85 | D:3      | Reached XP level 2. HP: 26/26 MP: 3/7
    89 | D:3      | Learned a level 2 spell: Song of Slaying
    92 | D:3      | Learned a level 2 spell: Shroud of Golubria
   101 | D:5      | Entered Level 5 of the Dungeon
   101 | D:5      | Noticed Eustachio
   119 | D:5      | HP: 5/26 [quokka[Eustachio] (2)]
   120 | D:5      | Slain by Eustachio

Action                   || total
-------------------------++-------
Melee: Spear             ||    24
       Bite              ||     3
 Cast: Infusion          ||     3
  Use: Potion            ||     1
Armor: Leather armour    ||     3
Dodge: Dodged            ||    28

Table legend:
 A = Turns spent in this place as a percentage of turns spent in the entire game.
 B = Non-inter-level travel turns spent in this place as a percentage of non-inter-level travel turns spent in the entire game.
 C = Inter-level travel turns spent in this place as a percentage of turns spent in this place.
 D = Turns resting spent in this place as a percentage of non-inter-level travel turns spent in this place.
 E = Turns spent auto-exploring this place as a percentage of non-inter-level travel turns spent in this place.
 F = Non-inter-level travel turns spent in this place divided by the number of levels of this place that you've seen.
                   A       B       C       D       E      F
               +-------+-------+-------+-------+-------+----------------------
         Total | 100.0 | 100.0 |   0.0 |   0.0 |   0.0 |  24.0
       Dungeon | 100.0 | 100.0 |   0.0 |   0.0 |   0.0 |  24.0
               +-------+-------+-------+-------+-------+----------------------

Table legend:
 A = Kills in this place as a percentage of kills in entire the game.
 B = Kills by you in this place as a percentage of kills by you in the entire game.
 C = Kills by friends in this place as a percentage of kills by friends in the entire game.
 D = Other kills in this place as a percentage of other kills in the entire game.
 E = Experience gained in this place as a percentage of experience gained in the entire game.
 F = Experience gained in this place divided by the number of levels of this place that you have seen.
                   A       B       C       D       E      F
               +-------+-------+-------+-------+-------+----------------------
         Total | 100.0 | 100.0 |   N/A |   N/A | 100.0 |   3.8
       Dungeon | 100.0 | 100.0 |   N/A |   N/A | 100.0 |   3.8
               +-------+-------+-------+-------+-------+----------------------

Levels and vault maps discovered:
D:1:      minmay_arrival_jagged, layout_basic, serial_forest,
          infiniplex_forest_clump_cross, infiniplex_forest_lined_corner,
          infiniplex_forest_straight_3, infiniplex_forest_lined_2
D:2:      layout_loops_ring, nemelex_xobeh_ov_fountains_minmay,
          overflow_temple_1_default, first_ration, minmay_misc_feat_ornament
D:3:      layout_loops_ring, grunt_temple_overflow_lords_of_destruction,
          lemuel_round_altar, uniq_sigmund
D:4:      layout_cave_pods, uniq_crazy_yiuf_cottage, uniq_edmund
D:5:      layout_loops_corners, marbit_many_paths,
          cheibrodos_sewer_entry_sluice, serial_shops, kennysheep_mini,
          nicolae_ossuary_entry_plus, st_stairs_5, uniq_blork_the_orc,
          uniq_grinder, uniq_eustachio
